 Dungeon Crawl Stone Soup version 0.28-a0-1212-gc6b4282bc0 (webtiles) character file.

Game seed: 4921099633082737483

163 Lekart the Chopper (level 5, -8/46 HPs)
             Began as a Draconian Chaos Knight on Dec 21, 2021.
             Was a Plaything of Xom.
             Splashed by a jelly's acid (9 damage)
             ... on level 4 of the Dungeon.
             The game lasted 00:05:26 (2442 turns).

Lekart the Chopper (Draconian Chaos Knight)         Turns: 2442, Time: 00:05:26

Health: -8/46      AC: -3    Str: 14    XL:     5   Next: 20%
Magic:  5/5        EV: 12    Int: 12    God:    Xom [...*..]
Gold:   131        SH:  0    Dex: 13    Spells: 4/4 levels left

rFire   . . .      SeeInvis .   a - +0 hand axe (chaos)
rCold   . . .      Faith    .   (no shield)
rNeg    . . .      Spirit   .   (armour unavailable)
rPois   .          Reflect  .   (helmet restricted)
rElec   .          Harm     .   (no cloak)
rCorr   .          Rampage  .   (no gloves)
Will    .....                   (no boots)
Stlth   +.........              (no amulet)
HPRegen 0.15/turn               (no ring)
MPRegen 0.09/turn               (no ring)

@: about to teleport, corroded
A: AC +5, unfitting armour, cold-blooded
a: Renounce Religion


You were on level 4 of the Dungeon.
You worshipped Xom.
You were a favourite toy of Xom.
You visited 1 branch of the dungeon, and saw 4 of its levels.

You collected 131 gold pieces.

Inventory:

Hand Weapons
 a - a +0 hand axe of chaos (weapon)
Missiles
 i - 3 curare-tipped darts (quivered)
Jewellery
 d - a ring of magical power
Scrolls
 b - a scroll of brand weapon {unknown}
 e - a scroll of amnesia
 f - 3 scrolls of identify
 j - 3 scrolls of acquirement {unknown}
 k - a scroll of noise {unknown}
Potions
 c - a potion of heal wounds {unknown}
 h - a potion of curing {unknown}
 l - a potion of degeneration {unknown}


   Skills:
 + Level 4.3 Fighting
 + Level 4.5 Axes
 + Level 1.0 Throwing
 + Level 3.0 Dodging


You had 4 spell levels left.
You didn't know any spells.
Your spell library was empty.

Dungeon Overview and Level Annotations

Branches:
Dungeon (4/15)
 Temple: D:4-7

Altars:
Qazlal


Innate Abilities, Weirdness & Mutations

Your plain brown scales are hard. (AC +5)
You cannot fit into any form of body armour.
You are cold-blooded and may be slowed by cold attacks.


Message History

You hit the jelly but do no damage.
Your hands burn!
You tail-slap the jelly.
The jelly is lightly wounded.
The jelly hits you but does no damage.
There are monsters nearby!
You barely miss the jelly.
The jelly is lightly wounded.
The jelly hits you but does no damage. The jelly closely misses you.
There are monsters nearby!
You hit the jelly.
Your hands burn!
The jelly is moderately wounded.
The jelly closely misses you. The jelly misses you.
There are monsters nearby!
You hit the jelly.
The jelly suddenly seems more agile.
Xom thinks this is hilarious!
Your hands burn!
The jelly is moderately wounded.
The jelly barely misses you.
You hit the jelly. You freeze the jelly.
Your hands burn!
You tail-slap the jelly.
The jelly is heavily wounded.
The jelly hits you.
You are splashed with acid!
The jelly barely misses you.
The endoplasm hits you but does no damage.
You are too injured to fight recklessly!
You are too injured to fight recklessly!
You are too injured to fight recklessly!
The endoplasm hits you but does no damage.
The jelly hits you. The acid corrodes you!
You are splashed with acid!
The jelly hits you but does no damage. The jelly completely misses you.
As you read the scroll labelled OWEPTECEIGH, it crumbles to dust.
You feel strangely unstable.
It was a scroll of teleportation.
The jelly hits you.
* * * LOW HITPOINT WARNING * * *
The acid corrodes you!
You are splashed with acid!
* * * LOW HITPOINT WARNING * * *
The jelly hits you.
* * * LOW HITPOINT WARNING * * *
You are splashed with acid!
You die...
Xom is highly amused!

[...##.######...
.......######.#.
..............#.##
..........)...#..#
##.##.........##.#
#.#).........##.#
#..........>.##.#
#..#.#.#......#.#
#..#.#...####.#@##
....#.#...# #!.J.###
........#..# ##.#J<.###
##..#.####.###........###
#..#.# .##.......#...# #
.#.........##.#
#...........# .
###.........#
.............#


You could see a jelly (berserk, agile) and an endoplasm.

Vanquished Creatures
  A hound (D:4)
  5 adders
  A gnoll (D:1)
  A dart slug (D:2)
  A ball python (D:1)
  5 bats
  7 endoplasms
  3 giant cockroaches
  10 goblins
  11 hobgoblins
  8 kobolds
  6 quokkas
  3 frilled lizards
  7 rats
69 creatures vanquished.

Vanquished Creatures (others)
  7 plants (D:1)
7 creatures vanquished.

Grand Total: 76 creatures vanquished

Notes
Turn   | Place    | Note
-------+----------+-------------------------------------------
     0 | D:1      | Lekart the Draconian Chaos Knight began the quest for the
                  | Orb.
     0 | D:1      | Reached XP level 1. HP: 19/19 MP: 1/1
   148 | D:1      | Reached XP level 2. HP: 17/27 MP: 2/2
   239 | D:1      | XOM: 2-stop teleportation journey
   431 | D:1      | XOM: chaos upgrade
   747 | D:1      | Reached XP level 3. HP: 26/33 MP: 3/3
   822 | D:1      | Found a faded altar of an unknown god.
   889 | D:1      | XOM: silly message
  1285 | D:2      | XOM: 3-stop teleportation journey
  1289 | D:2      | Reached XP level 4. HP: 31/40 MP: 4/4
  1422 | D:2      | XOM: cloud trail
  1495 | D:2      | You fall into a shaft and drop 1 floor!
  1764 | D:3      | Noticed Terence
  1787 | D:3      | Noticed Terence
  1788 | D:3      | Killed Terence the endoplasm
  1972 | D:3      | XOM: 8-stop teleportation journey
  2025 | D:3      | Found a stormy altar of Qazlal.
  2308 | D:4      | Reached XP level 5. HP: 46/46 MP: 5/5
  2345 | D:4      | Reached skill level 1 in Throwing
  2442 | D:4      | HP: 1/46 [jelly (3)]
  2442 | D:4      | Splashed by a jelly's acid

Illustrated notes

Levels and vault maps discovered:
D:1:      lightli_arrival_boilingwater, layout_loops_cross,
          dreamdust_ecumenical_altar_hidden_monk_grotto, serial_forest,
          infiniplex_forest_lined_4_way, infiniplex_forest_straight_3,
          infiniplex_forest_clump_curved, infiniplex_forest_straight_2,
          infiniplex_forest_clump_double, infiniplex_forest_clump_small,
          st_stairs_3
D:2:      layout_basic, minmay_small_reverse_x
D:3:      layout_basic, nicolae_qazlal_scattered_showers, uniq_terence
D:4:      layout_rooms, grunt_ministairs_2

Skill      XL: |  1  2  3  4  5 |
---------------+----------------+-----
Fighting       | 4 |  4.3
Axes           | 4 |  4.5
Dodging        | 3 |  3.0
Throwing       | 1 |  1.0

Action                   |  1- 3 |  4- 6 || total
-------------------------+-------+-------++-------
Melee: Hand axe          |    92 |   104 ||   196
       Tailslap          |     6 |    11 ||    17
Throw: Javelin           |    11 |       ||    11
       Dart              |       |     4 ||     4
  Use: Scroll            |     1 |     1 ||     2
       Potion            |     1 |       ||     1
 Stab: Sleeping          |     1 |     1 ||     2
Armor: Skin              |    28 |    33 ||    61
Dodge: Dodged            |    66 |    62 ||   128

Table legend: (Time is in decaauts)
 A = Elapsed time spent in this place.
 B = Non-inter-level travel time spent in this place.
 C = Inter-level travel time spent in this place.
 D = Time resting spent in this place.
 E = Time spent auto-exploring this place.
 F = Levels seen in this place.
 G = Mean time per level.
                   A        B        C        D        E       F      G
               +--------+--------+--------+--------+--------+-----+--------+
         Total |   2473 |   2410 |     63 |    271 |   1572 |   4 |  618.2 |
       Dungeon |   2473 |   2410 |     63 |    271 |   1572 |   4 |  618.2 |
               +--------+--------+--------+--------+--------+-----+--------+

Top non-repeatable levels by time:
     D:1: 1193 daAuts
     D:3: 765 daAuts
     D:2: 324 daAuts
     D:4: 191 daAuts
